 Dungeon Sprint DCSS version 0.19.1 (webtiles) character file.

12019 Groucho the Imperceptible (level 11, -62/60 HPs)
             Began as a Felid Berserker on Nov 24, 2016.
             Was the Champion of Trog.
             Killed from afar by Xtahua (106 damage)
             ... with a searing blast
             ... in the Dungeon (Sprint III: "The Ten Rune Challenge").
             The game lasted 00:11:39 (5148 turns).

Groucho the Imperceptible (Felid Berserker)         Turns: 5148, Time: 00:11:40

Health: -62/60     AC:  2    Str: 13    XL:     11   Next: 56%
Magic:  12/12      EV: 33    Int: 10    God:    Trog [******]
Gold:   15         SH:  0    Dex: 18    Spells: 0 memorised, 10 levels left
                                        Lives:  0   Deaths: 2

rFire  . . .     SeeInvis +       - Unarmed
rCold  . . .     Gourm    .     (armour unavailable)
rNeg   . . .     Faith    .     (shield unavailable)
rPois  .         Spirit   .     (helmet unavailable)
rElec  .         Reflect  .     (cloak unavailable)
rCorr  .         Harm     .     (gloves unavailable)
MR     +++..     Clarity  +     (boots unavailable)
Stlth  +++++++++. NoTele   +    (no amulet)
                                (no ring)
                                (no ring)

@: regenerating, quick
A: no armour, no weapons or thrown items, stealth, claws 1, fangs 3, horns 2,
see invisible, carnivore 3, clarity, speed 1, shaggy fur 2, slow metabolism 1,
sharp paws
a: Berserk, Trog's Hand, Brothers in Arms, Burn Spellbooks, Renounce Religion


You were in the Dungeon.
You worshipped Trog.
Trog was exalted by your worship.
You were not hungry.

You visited 1 branch You collected 15 gold pieces.

Inventory:

Wands
 o - a wand of slowing (26/48)
Scrolls
 i - 2 scrolls of torment {unknown}
 j - 2 scrolls of remove curse {unknown}
 m - a scroll of random uselessness {unknown}
Potions
 b - a potion of curing
 c - a potion of degeneration {unknown}
 e - 2 potions of magic
 f - 2 potions of berserk rage
 h - a potion of mutation
 k - 2 potions of cure mutation
 l - 2 potions of flight
 p - a potion of might


   Skills:
 + Level 14.0 Fighting
 + Level 17.5 Dodging
 + Level 23.6 Stealth
 * Level 16.8 Unarmed Combat


You had 10 spell levels left.
You didn't know any spells.

Dungeon Overview and Level Annotations

Branches:
Dungeon (1/1)

Altars:
Cheibriados
Dithmenos
Elyvilon
Fedhas
Gozag
Hepliaklqana
Kikubaaqudgha
Makhleb
Nemelex Xobeh
Okawaru
Qazlal
Ru
Sif Muna
Trog
Uskayaw
Vehumet
Xom
Yredelemnul
Zin
The Shining One
Beogh
Jiyva
Lugonu

Shops:
D =[?

Annotations:
D Xtahua


Innate Abilities, Weirdness & Mutations

You cannot wear armour.
You are incapable of wielding weapons or throwing items.
Your paws allow you to move quietly. (Stealth)
You have sharp claws.
You have razor-sharp teeth.
You have supernaturally acute eyesight. (SInv)
You are carnivorous and can eat meat at any time.
You cover ground quickly.
You are covered in thick fur. (AC +2)
You have a slow metabolism.
Your sharp claws are effective at attacking unaware monsters.
You have a pair of horns on your head.
You possess an exceptional clarity of mind.


Message History

The seven-headed hydra completely misses you.
The seven-headed hydra bites you.
You mangle the seven-headed hydra!!
Your claw misses the seven-headed hydra.
You bite the seven-headed hydra.
The seven-headed hydra is heavily wounded.
Xtahua thunders ferociously at you! You resist with almost no effort.
The seven-headed hydra completely misses you.
The seven-headed hydra closely misses you.
The seven-headed hydra misses you. The seven-headed hydra bites you.
The seven-headed hydra misses you.
The seven-headed hydra completely misses you.
The seven-headed hydra misses you.
Your iron troll goes berserk!
You feel quite a bit more hungry. Xtahua breathes flames at you.
The searing blast hits you!
Ouch! That really hurt!
You die...

≈≈≈.........PP♣
♣♣.##.#####S..#(.
≈≈≈≈...PP...÷P♣
♣.....##..S†..#♣♣
##########'####
########'########
#.♣♣ #..S......
#♣.♣ #.........
♣.♣♣ ######
########## ♣♣.♣
#...φ# ##...S...†
♣.♣♣ #D≈T.#
#....†.... ♣.♣♣
#@.D≈# #..#######
♣..♣♣#...##
#..SS.....
♣♣.♣♣≈####♣♣
##SSS.....
♣♣÷♣♣.≈...♣
#########
♣♣..♣♣♣♣♣♣.♣
♣.÷....≈§≈.♣
♣..≈§.§≈§§.♣
♣.♣.≈.≈§§..♣
♣♣♣♣♣♣♣♣∩§∩♣


You could see Xtahua, a seven-headed hydra and a friendly iron troll (berserk).

Vanquished Creatures
  Rupert (D)
  2 fire dragons (D)
  Erolcha (D)
  4 anacondas (D)
  4 death yaks (D)
  Urug (D)
  A spriggan druid (D)
  A death drake (D)
  A lindwurm (D)
  A deep elf mage (D)
  3 black mambas (D)
  A spiny frog (D)
  A rime drake (D)
  8 blink frogs (D)
  2 tyrant leeches (D)
  2 wandering mushrooms (D)
  A shadow (D)
  5 redbacks (D)
  2 spriggans (D)
  2 hill giants (D)
  A spatial vortex (D)
  2 hell hounds (D)
  4 water moccasins (D)
  A swamp drake (D)
  A necrophage (D)
  3 two-headed ogres (D)
  A water elemental (D)
  An electric eel (D)
  A wizard (D)
  Crazy Yiuf (D)
  A jelly (D)
  Jessica (D)
  A necromancer (D)
  3 humans (D)
  A kobold demonologist (D)
  An adder (D)
  An ooze (D)
  A rat (D)
  2 ballistomycetes (D)
  A ballistomycete spore (D)
73 creatures vanquished.

Vanquished Creatures (collateral kills)
  An anaconda (D)
  A spiny frog (D)
  A komodo dragon (D)
  A wandering mushroom (D)
4 creatures vanquished.

Vanquished Creatures (others)
  2 draconian scorchers (D)
  2 hydras (D)
  2 anacondas (D)
  3 yaktaurs (D)
  6 hellions (D)
  A water moccasin (D)
  An adder (D)
  5 plants (D)
22 creatures vanquished.

Grand Total: 99 creatures vanquished

Notes
Turn   | Place    | Note
-------+----------+-------------------------------------------
     0 | D        | Groucho the Felid Berserker began the quest for the Orb.
     0 | D        | Reached XP level 1. HP: 10/10 MP: 2/2
     9 | D        | Reached skill level 2 in Stealth
    12 | D        | Reached skill level 4 in Stealth
    53 | D        | Killed a yaktaur
   118 | D        | Killed a hellion
   144 | D        | Killed a white draconian scorcher
   186 | D        | Killed a hellion
   187 | D        | Killed a hellion
   187 | D        | Killed a hellion
   188 | D        | Killed a hellion
   202 | D        | Killed a white draconian scorcher
   210 | D        | Killed a hellion
   322 | D        | Noticed Jessica
   326 | D        | Killed Jessica
   326 | D        | Reached ** piety under Trog
   326 | D        | Reached skill level 8 in Stealth
   326 | D        | Reached XP level 2. HP: 14/14 MP: 3/3
   326 | D        | Reached XP level 3. HP: 17/17 MP: 4/4
   336 | D        | Noticed Crazy Yiuf
   339 | D        | Killed Crazy Yiuf
   339 | D        | Reached skill level 10 in Stealth
   343 | D        | Reached skill level 11 in Stealth
   343 | D        | Reached XP level 4. HP: 21/21 MP: 5/5
   355 | D        | Gained mutation: You have a pair of small horns on your head. [potion of mutation]
   355 | D        | Gained mutation: You possess an exceptional clarity of mind. [potion of mutation]
   355 | D        | Gained mutation: You have a pair of horns on your head. [potion of mutation]
   363 | D        | Noticed a water elemental
   366 | D        | Killed a water elemental
   366 | D        | Reached *** piety under Trog
   366 | D        | Reached skill level 13 in Stealth
   366 | D        | Reached XP level 5. HP: 24/24 MP: 6/6
   376 | D        | Noticed a shadow
   378 | D        | Killed a shadow
   378 | D        | Reached skill level 16 in Stealth
   378 | D        | Gained mutation: You are covered in thick fur. (AC +2) [Felid growth]
   378 | D        | Reached XP level 6. HP: 28/28 MP: 7/7
   385 | D        | Reached skill level 17 in Stealth
   672 | D        | Found a shadowy altar of Dithmenos.
   673 | D        | Found a basalt altar of Yredelemnul.
   673 | D        | Found a sacrificial altar of Ru.
   674 | D        | Reached skill level 5 in Dodging
   675 | D        | Reached **** piety under Trog
   840 | D        | Found a hide-covered altar of Uskayaw.
   840 | D        | Found an iron altar of Okawaru.
   841 | D        | Found a roughly hewn altar of Beogh.
   841 | D        | Found a bloodstained altar of Trog.
   841 | D        | Noticed a human
   841 | D        | Noticed a human
   843 | D        | Killed a human
   843 | D        | Reached XP level 7. HP: 33/33 MP: 8/8
   849 | D        | Killed a human
   849 | D        | Reached skill level 5 in Fighting
   849 | D        | Reached skill level 18 in Stealth
   849 | D        | Reached skill level 5 in Unarmed Combat
   961 | D        | Found a glowing silver altar of Zin.
   962 | D        | Found a glowing golden altar of the Shining One.
   962 | D        | Found a white marble altar of Elyvilon.
   962 | D        | Noticed a deep elf mage
   965 | D        | Killed a deep elf mage
   965 | D        | Reached XP level 8. HP: 39/39 MP: 9/9
  1373 | D        | Found a radiant altar of Vehumet.
  1374 | D        | Found a deep blue altar of Sif Muna.
  1374 | D        | Found an ancient bone altar of Kikubaaqudgha.
  1375 | D        | Reached ***** piety under Trog
  1407 | D        | Found a blossoming altar of Fedhas.
  1407 | D        | Found a stormy altar of Qazlal.
  1408 | D        | Found a snail-covered altar of Cheibriados.
  1408 | D        | Found a burning altar of Makhleb.
  1408 | D        | Found a hazy altar of Hepliaklqana.
  1408 | D        | Found a shimmering altar of Xom.
  1408 | D        | Found an opulent altar of Gozag.
  1408 | D        | Found a sparkling altar of Nemelex Xobeh.
  1408 | D        | Found a corrupted altar of Lugonu.
  1408 | D        | Found a viscous altar of Jiyva.
  1426 | D        | Reached skill level 19 in Stealth
  1441 | D        | Reached skill level 10 in Dodging
  1446 | D        | Noticed Erolcha
  1448 | D        | Killed Erolcha
  1448 | D        | Reached ****** piety under Trog
  1448 | D        | Reached XP level 9. HP: 45/45 MP: 10/10
  1466 | D        | Reached skill level 20 in Stealth
  1494 | D        | Noticed a wandering mushroom
  1597 | D        | Killed a four-headed hydra
  1654 | D        | Killed an eight-headed hydra
  1808 | D        | Noticed a wandering mushroom
  1810 | D        | Noticed a wandering mushroom
  1833 | D        | Noticed a spiny frog
  1833 | D        | Noticed a komodo dragon
  1833 | D        | Noticed a spiny frog
  1837 | D        | Killed a komodo dragon
  1839 | D        | Killed a spiny frog
  1849 | D        | Killed a spiny frog
  1849 | D        | Reached skill level 10 in Fighting
  1849 | D        | Reached skill level 10 in Unarmed Combat
  2092 | D        | Noticed a tyrant leech
  2103 | D        | Killed a tyrant leech
  2103 | D        | Reached XP level 10. HP: 51/51 MP: 11/11
  2240 | D        | Noticed a lindwurm
  2244 | D        | Killed a lindwurm
  2244 | D        | Reached skill level 21 in Stealth
  2252 | D        | Noticed Urug
  2254 | D        | Killed Urug
  2270 | D        | Noticed a death drake
  2276 | D        | Killed a death drake
  2460 | D        | Found a blossoming altar of Fedhas.
  2460 | D        | Noticed a spriggan druid
  2470 | D        | Killed a spriggan druid
  2678 | D        | Noticed an anaconda
  2686 | D        | Killed an anaconda
  2691 | D        | Reached XP level 11. HP: 57/57 MP: 12/12
  2846 | D        | Noticed an anaconda
  2846 | D        | Noticed an anaconda
  2859 | D        | Killed an anaconda
  2862 | D        | Killed an anaconda
  2862 | D        | Reached skill level 15 in Dodging
  2862 | D        | Reached skill level 22 in Stealth
  3152 | D        | Noticed an anaconda
  3152 | D        | Noticed an anaconda
  3152 | D        | Noticed an anaconda
  3154 | D        | Noticed an anaconda
  3171 | D        | Killed an anaconda
  3186 | D        | Mangled by an anaconda
  3187 | D        | Reached XP level 10. HP: -6/53 MP: 11/11
  3212 | D        | Killed a black mamba
  3247 | D        | Mangled by an anaconda
  3248 | D        | Reached XP level 9. HP: -6/49 MP: 10/10
  3405 | D        | Killed an anaconda
  3525 | D        | Noticed a rime drake
  3526 | D        | Killed a rime drake
  3544 | D        | Reached XP level 10. HP: 54/54 MP: 11/11
  3636 | D        | Killed an anaconda
  3717 | D        | Killed an anaconda
  4166 | D        | Noticed Rupert
  4170 | D        | Killed Rupert
  4170 | D        | Reached skill level 15 in Unarmed Combat
  4181 | D        | Noticed a death yak
  4183 | D        | Noticed a death yak
  4191 | D        | Noticed a death yak
  4193 | D        | Killed a death yak
  4193 | D        | Reached skill level 23 in Stealth
  4196 | D        | Noticed a death yak
  4197 | D        | Killed a death yak
  4197 | D        | Reached XP level 11. HP: 31/58 MP: 12/12
  4204 | D        | Killed a death yak
  4210 | D        | Killed a death yak
  4441 | D        | Noticed an azure jelly
  4441 | D        | Noticed an azure jelly
  4462 | D        | Noticed a fire dragon
  4463 | D        | Found Jusoashi's Jewellery Shoppe.
  4463 | D        | Found Besmar's Antique Armour Boutique.
  4463 | D        | Found Plog's Magic Scroll Emporium.
  4464 | D        | Killed a fire dragon
  4486 | D        | Noticed a fire dragon
  4762 | D        | Killed a fire dragon
  4806 | D        | Noticed a seven-headed hydra
  4806 | D        | Noticed Xtahua
  5148 | D        | Killed from afar by Xtahua

Skill      XL: |  1  2  3  4  5  6  7  8  9 10 11 |
---------------+----------------------------------+-----
Stealth        | 8 11 13 16 17 18 19 20 23 22 | 23.6
Dodging        | 6 8 11 13 16 17 | 17.5
Unarmed Combat | 4 6 8 10 15 16 | 16.8
Fighting       | 4 6 8 10 13 14 | 14.0

Action                   |  1- 3 |  4- 6 |  7- 9 | 10-12 || total
-------------------------+-------+-------+-------+-------++-------
Melee: Unarmed           |     7 |    10 |    55 |   131 ||   203
       Bite              |     2 |       |     1 |    15 ||    18
       Headbutt          |       |     1 |    12 |    33 ||    46
       Punch             |       |       |     4 |    11 ||    15
Invok: Berserk           |       |       |     6 |    10 ||    16
       Trog's Hand       |       |       |     3 |     7 ||    10
       Burn Spellbooks   |       |       |     1 |       ||     1
       Brothers in Arms  |       |       |     1 |     3 ||     4
  Use: Potion            |       |     2 |     1 |     3 ||     6
       Scroll            |       |       |       |     2 ||     2
 Stab: Sleeping          |     4 |     5 |    14 |     9 ||    32
       Held in net/web   |       |       |     1 |       ||     1
       Distracted        |       |       |       |     1 ||     1
  Eat: Royal jelly       |       |       |     2 |       ||     2
       Chunk             |       |       |     1 |     9 ||    10
       Meat ration       |       |       |       |     2 ||     2
Armor: Skin              |       |       |       |     6 ||     6
Dodge: Dodged            |     1 |     1 |    26 |   160 ||   188
